 Dungeon Crawl Stone Soup version 0.30-a0-1112-gfb780f5df6 (webtiles) character file.

Game seed: 17377467778363971407

32 BubbleThief the Trooper (level 3, -5/34 HPs)
             Began as a Naga Cinder Acolyte on Apr 19, 2023.
             Was a High Priest of Ignis.
             Slain by an orc
             ... wielding a +0 flail
              (8 damage)
             ... on level 1 of the Dungeon.
             The game lasted 00:02:27 (1202 turns).

BubbleThief the Trooper (Naga Cinder Acolyte)       Turns: 1202, Time: 00:02:28

Health: -5/34      AC:  2    Str: 16    XL:     3   Next: 25%
Magic:  0/5        EV:  9    Int: 16    God:    Ignis [*****.]
Gold:   57         SH:  0    Dex:  6    Spells: 3/5 levels left

rFire   + + .      SeeInvis +    d - staff of fire
rCold   . . .      Faith    .    (no shield)
rNeg    . . .      Spirit   .    b - +0 robe
rPois   +          Reflect  .    (no helmet)
rElec   .          Rampage  .    (no cloak)
rCorr   +                        (no gloves)
Will    .....                    (no barding)
Stlth   +                        (no amulet)
HPRegen 0.25/turn                c - ring of resist corrosion
MPRegen 0.09/turn                (no ring)

@: short of breath, very slightly contaminated, very slow
A: AC +1, large, see invisible, deformed body, poison resistance, slowness 2,
spit poison 1, naga tail 1
a: Spit Poison, Renounce Religion, Fiery Armour, Foxfire Swarm, Rising Flame


You were on level 1 of the Dungeon.
You worshipped Ignis.
Ignis was extremely pleased with you.
You visited 1 branch of the dungeon, and saw 2 of its levels.

You collected 57 gold pieces.

Inventory:

Hand Weapons
 a - a -1 mace of flaming
Armour
 b - a +0 robe (worn)
Magical Staves
 d - a staff of fire (weapon)
Jewellery
 c - a ring of resist corrosion (left hand)
Scrolls
 g - a scroll of silence {unknown}
 j - 2 scrolls of noise {unknown}
Potions
 e - 2 potions of might {unknown}
 f - a potion of cancellation {unknown}
 h - 2 potions of flight {unknown}
 i - a potion of mutation {unknown}


   Skills:
 - Level 3.4 Fighting
 - Level 3.1 Maces & Flails
 + Level 1.6 Spellcasting
 + Level 3.4 Fire Magic


You had 3 spell levels left.
You knew the following spells:

 Your Spells              Type           Power      Damage    Failure   Level
a - Scorch                Fire           36%        2d6       9%          2

Your spell library contained the following spells:

 Spells                   Type           Power      Damage    Failure   Level


Dungeon Overview and Level Annotations

Branches:
Dungeon (2/15)

Altars:

Shops:
D:1 =


Innate Abilities, Weirdness & Mutations

Your serpentine skin is tough. (AC +1)
You have supernaturally acute eyesight. (SInv)
Armour fits poorly on your strangely shaped body.
Your system is resistant to poisons. (rPois)
You cover ground very slowly.
You can spit poison.
You have a snake-like lower body.


Message History

Casting: Scorch (safe; 9% risk of failure)
Confirm with . or Enter, or press ? or * to list all spells.
You feel a surge of power!
Flames lash the ball python.
You kill the ball python!
The orc hits you with a +0 flail!
Unknown command.
Casting: Scorch (safe; 9% risk of failure)
Confirm with . or Enter, or press ? or * to list all spells.
You don't have enough magic to cast this spell.
Unknown command.
You closely miss the orc.
The orc is heavily wounded.
The orc closely misses you.
Casting: Scorch (safe; 9% risk of failure)
Confirm with . or Enter, or press ? or * to list all spells.
You feel a surge of power!
You miscast Scorch.
You are very lightly contaminated with residual magic.
Nothing appears to happen.
You have got your breath back.
The orc misses you.
Aiming: Spit Poison (2% risk of failure)
Press: ? - help, Shift-Dir - straight line, f/p - orc
Aim: an orc, wielding a +0 flail and wearing a +0 leather armour (heavily wounded, 59% to hit)
The splash of poison misses the orc.
The orc hits you with a +0 flail!
* * * LOW HITPOINT WARNING * * *
Unknown command.
You closely miss the orc. Your punch misses the orc.
The orc is heavily wounded.
The orc closely misses you.
You hit the orc but do no damage.
The orc is heavily wounded.
The orc hits you with a +0 flail.
* * * LOW HITPOINT WARNING * * *
You hit the orc but do no damage.
The orc is heavily wounded.
The orc closely misses you.
You barely miss the orc.
The orc is moderately wounded.
The orc hits you with a +0 flail!
You die...

.####.###....#####..##.#########
......#.............#..........#
...####.##########'##..........#
.#.####.# #..................#
.#...##.### #............[.....#
####......###..................#
..#####.#......................#
#.# #.####...†...............#
#.#####.# ##..o@..............#
#.#.....# #........#.........#
#.#.##################.#########
.............).........#
.##..################### .....#
##...# .....# ####.#


You could see an orc.

Vanquished Creatures
  2 dart slugs (D:1)
  4 ball pythons (D:1)
  2 endoplasms (D:1)
  A giant cockroach (D:1)
  2 goblins (D:1)
  6 hobgoblins (D:1)
  A quokka (D:1)
  A bat (D:1)
  2 frilled lizards (D:1)
  4 kobolds (D:1)
  A rat (D:1)
26 creatures vanquished.

Notes
Turn   | Place    | Note
-------+----------+-------------------------------------------
     0 | D:1      | BubbleThief the Naga Cinder Acolyte began the quest for the
                  | Orb.
     0 | D:1      | Reached XP level 1. HP: 21/21 MP: 2/2
   264 | D:1      | Reached XP level 2. HP: 28/28 MP: 3/3
   294 | D:1      | Learned a level 2 spell: Scorch
   315 | D:1      | Upgraded the game from 0.30-a0-1103-g25895a7845 to
                  | 0.30-a0-1112-gfb780f5df6
   482 | D:1      | Found Boterusm's Jewellery Boutique.
   620 | D:1      | Reached XP level 3. HP: 34/34 MP: 5/5
  1202 | D:1      | Slain by an orc

Illustrated notes

Levels and vault maps discovered:
D:1:      lemuel_arrival_hallway, layout_basic, serial_curves, eino_curves_04,
          eino_curves_03, eino_curves_03, serial_shops, shop
D:2:      layout_rooms, basic_ecumenical_altar

Action                     || total
---------------------------++-------
  Melee: Mace              ||    32
         Staff             ||     7
   Cast: Scorch            ||    10
Ability: Spit Poison       ||    28
 Armour: Robe              ||     4
  Dodge: Dodged            ||    27

Table legend: (Time is in decaauts)
 A = Elapsed time spent in this place.
 B = Non-inter-level travel time spent in this place.
 C = Inter-level travel time spent in this place.
 D = Time resting spent in this place.
 E = Time spent auto-exploring this place.
 F = Levels seen in this place.
 G = Mean time per level.
                   A        B        C        D        E       F      G
               +--------+--------+--------+--------+--------+-----+--------+
         Total |   1519 |   1466 |     53 |      0 |   1279 |   2 |  759.5 |
       Dungeon |   1519 |   1466 |     53 |      0 |   1279 |   2 |  759.5 |
               +--------+--------+--------+--------+--------+-----+--------+

Top non-repeatable levels by time:
     D:1: 1507 daAuts
     D:2: 12 daAuts
